 Seeded DCSS version 0.30.1-6-gbe392663c4 (webtiles) character file.

Game seed: 15140874439476535185 (custom seed)

12 Psyclone the Stinger (level 2, 12/17 HPs)
             Began as an Octopode Venom Mage on Sept 20, 2023.
             Quit the game on level 1 of the Dungeon.
             The game lasted 00:02:09 (354 turns).

Psyclone the Stinger (Octopode Venom Mage)           Turns: 354, Time: 00:02:10

Health: 12/17      AC:  1    Str:  7    XL:     2   Next: 33%
Magic:  3/5        EV: 13    Int: 17    God:
Gold:   47         SH:  0    Dex: 12    Spells: 4/5 levels left

rFire   . . .        (no weapon)
rCold   . . .        (no shield)
rNeg    . . .        (helmet restricted)
rPois   .            (no amulet)
rElec   .            (no ring)
rCorr   .            (no ring)
SInv    .            (no ring)
Will    .....        (no ring)
Stlth   +++          (no ring)
HPRegen 0.22/turn    (no ring)
MPRegen 0.09/turn    (no ring)
                     (no ring)

%: no passive effects
@: no status effects
A: almost no armour, amphibious, 8 rings, camouflage 1, gelatinous body 1,
(nimble swimmer 1), tentacles
a: no special abilities


You were on level 1 of the Dungeon.
You visited 1 branch of the dungeon, and saw 1 of its levels.

You collected 47 gold pieces.

Inventory:

Scrolls
 b - a scroll of teleportation {unknown}
 c - a scroll of fog {unknown}
Potions
 a - a potion of magic


   Skills:
 - Level 2.0 Dodging
 - Level 2.6 Stealth
 - Level 2.0 Spellcasting
 - Level 1.0 Transmutations
 + Level 4.5 Poison Magic


You had 4 spell levels left.
You knew the following spells:

 Your Spells              Type           Power      Damage    Failure   Level
a - Sting                 Tmut/Pois      44%        1d5       6%          1

Your spell library contained the following spells:

 Spells                   Type           Power      Damage    Failure   Level
 Poisonous Vapours        Pois/Air       18%        N/A       12%         2
 Wereblood                Tmut           5%         N/A       19%         2
 Sublimation of Blood     Necr           1%         N/A       28%         2
 Mephitic Cloud           Conj/Pois/Air  6%         N/A       30%         3
 Olgreb's Toxic Radiance  Pois           17%        N/A       30%         4
 Summon Hydra             Summ           0%         N/A       100%        7


Dungeon Overview and Level Annotations

Branches:
Dungeon (1/15) Zot: 5646

Altars:


Innate Abilities, Weirdness & Mutations

You cannot wear most types of armour.
You are amphibious.
You can wear up to eight rings at the same time.
Your skin changes colour to match your surroundings (Stealth+).
Your rubbery body absorbs attacks. (AC +1, EV +1)
((You are camouflaged when in or above water. (Stealth+)))
You have tentacles for arms and can constrict up to eight enemies at once.


Message History

The endoplasm is heavily wounded.
The endoplasm hits you.
You now have 2/5 mp.
Casting: Sting (safe; 6% risk of failure)
Confirm with . or Enter, or press ? or * to list all spells.
Aiming: Sting (safe; 6% risk of failure)
Press: ? - help, Shift-Dir - straight line, f/p - endoplasm
Aim: an endoplasm (heavily wounded, 98% to hit)
The sting hits the endoplasm.
The endoplasm partially resists.
The endoplasm is severely wounded.
The endoplasm freezes you.
You are frozen.
You take 4 damage, and have 6/17 hp.
MASSIVE DAMAGE!!
You now have 1/5 mp.
Casting: Sting (safe; 6% risk of failure)
Confirm with . or Enter, or press ? or * to list all spells.
Aiming: Sting (safe; 6% risk of failure)
Press: ? - help, Shift-Dir - straight line, f/p - endoplasm
Aim: an endoplasm (severely wounded, 98% to hit)
The sting hits the endoplasm.
The endoplasm partially resists.
The endoplasm is poisoned.
The endoplasm is almost dead.
You kill the endoplasm!
You now have 0/5 mp.
Casting: Sting (safe; 6% risk of failure)
Confirm with . or Enter, or press ? or * to list all spells.
You don't have enough magic to cast this spell.
Unknown command.
Casting: Sting (safe; 6% risk of failure)
Confirm with . or Enter, or press ? or * to list all spells.
You don't have enough magic to cast this spell.
Unknown command.
You tentacle-slap the rat but do no damage.
Your grab misses the rat. The rat bites you.
* * * LOW HITPOINT WARNING * * *
You take 1 damage, and have 5/17 hp.
You tentacle-slap the rat.
You kill the rat!
There is a stone staircase leading down here.
You now have 47 gold pieces (gained 16).
Are you sure you want to abandon this character and quit the game? (Confirm with "yes".)

### #.#
#.#######
#........
#.#######
########### #.#
#.........# #.#
#.........# #.#
#...@.....# #.#
#.........# #.#
#.........# #.#
###.........#
#.#
..##.........###
#.#
..........>..#
#.#
..##.#.#.....#
#.# ...#.......#
#.# ...
#.###...#####.#


There were no monsters in sight!

Vanquished Creatures
  A dart slug (D:1)
  3 endoplasms (D:1)
  A goblin (D:1)
  A hobgoblin (D:1)
  4 rats (D:1)
10 creatures vanquished.

Notes
Turn   | Place    | Note
-------+----------+-------------------------------------------
     0 | D:1      | Psyclone the Octopode Venom Mage began the quest for the
                  | Orb.
     0 | D:1      | Reached XP level 1. HP: 11/11 MP: 3/3
    99 | D:1      | Reached skill level 4 in Poison Magic
   204 | D:1      | Reached XP level 2. HP: 5/17 MP: 3/5
   354 | D:1      | Quit the game

Illustrated notes

Levels and vault maps discovered:
D:1:      lightli_arrival_isolated_outpost, layout_basic

Skill      XL: |  1 |
---------------+----+-----
Poison Magic   | 4 |  4.5
Dodging        | |  2.0
Stealth        | |  2.6
Spellcasting   | |  2.0
Transmutations | |  1.0

Action                     || total
---------------------------++-------
  Melee: Unarmed           ||     5
         Tentacles         ||     2
   Cast: Sting             ||    14
  Dodge: Dodged            ||    11
